 Dungeon Crawl Stone Soup version 0.23.2-1-ga50397a (webtiles) character file.

Game seed: 6811175990324597705

301 MalarOregon the Gusty (level 5, -1/41 HPs)
             Began as a Demigod Air Elementalist on May 18, 2019.
             Killed by divine providence
             ... invoked by an orc priest
              (13 damage)
             ... on level 4 of the Dungeon.
             The game lasted 00:10:24 (4335 turns).

MalarOregon the Gusty (Demigod Air Elementalist)    Turns: 4335, Time: 00:10:25

Health: -1/41      AC:  4    Str: 11    XL:     5   Next: 89%
Magic:  11/11      EV:  8    Int: 21    God:
Gold:   191        SH: 10    Dex: 16    Spells: 1/9 levels left

rFire    . . .     SeeInvis .   w - +1 whip of Eternal War {drain, MR++} (curse)
rCold    . . .     Gourm    .   r - +0 large shield {reflect}
rNeg     . . .     Faith    .   a - +0 robe
rPois    .         Spirit   .   q - +0 helmet
rElec    .         Reflect  +   p - +0 cloak
rCorr    .         Harm     .   (no gloves)
MR       ++...                  (no boots)
Stlth    ++........             (no amulet)
HPRegen  0.13/turn              b - ring of wizardry
MPRegen  0.12/turn              h - ring of flight

@: no status effects
A: high mp 1
a: Evoke Flight


You were on level 4 of the Dungeon.
You were not hungry.

You visited 1 branch of the dungeon, and saw 4 of its levels.

You collected 191 gold pieces.

Inventory:

Hand Weapons
 w - the cursed +1 whip of Eternal War (weapon) {drain, MR++}
   (You found it on level 4 of the Dungeon)

   A truly terrible weapon, it drains the life of those it strikes.
   It affects your resistance to hostile enchantments.
   It has a curse placed upon it.
Missiles
 c - a throwing net (quivered) {!f}
 m - 2 curare-tipped needles {!f}
Armour
 a - a +0 robe (worn)
 p - a +0 cloak (worn)
   (You found it on level 4 of the Dungeon)
 q - a +0 helmet (worn)
   (You found it on level 3 of the Dungeon)
 r - a +0 large shield of reflection (worn)
   (You found it on level 4 of the Dungeon)
Jewellery
 b - a ring of wizardry (left hand)
   (You found it on level 1 of the Dungeon)
 h - a ring of flight (right hand)
   (You found it on level 1 of the Dungeon)
Wands
 v - a wand of digging (5)
   (You found it on level 4 of the Dungeon)
Scrolls
 d - a scroll of remove curse {unknown}
 g - 2 scrolls of immolation {unknown}
 i - 2 scrolls of fog {unknown}
 k - 4 scrolls of identify {unknown}
 l - a scroll of teleportation {unknown}
 o - a scroll of magic mapping {unknown}
 u - a scroll of random uselessness {unknown}
Potions
 f - a potion of curing {unknown}
 j - a potion of brilliance {unknown}
 n - a potion of cancellation {unknown}
Comestibles
 e - 9 rations {!d}
 t - 10 chunks of flesh


   Skills:
 + Level 2.0 Fighting
 + Level 2.1 Armour
 + Level 2.7 Dodging
 - Level 1.7 Stealth
 + Level 0.0 Shields
 + Level 2.6 Spellcasting
 + Level 2.2 Conjurations
 + Level 3.4 Air Magic
 + Level 0.6 Poison Magic


You had one spell level left.
You knew the following spells:

 Your Spells              Type           Power        Failure   Level  Hunger
a - Shock                 Conj/Air       ##..         38%         1    None
b - Airstrike             Air            ###.......   96%         4    ####...
f - Mephitic Cloud        Conj/Pois/Air  ##......     85%         3    ###....

Your spell library contained the following spells:

 Spells                   Type           Power        Failure   Level  Hunger
 Magic Dart               Conj           ##..         45%         1    None
 Freeze                   Ice            #...         78%         1    None
 Swiftness                Chrm/Air       ##......     69%         2    ##.....
 Static Discharge         Conj/Air       ##......     75%         3    ###....
 Throw Frost              Conj/Ice       #.....       77%         2    ##.....
 Blink                    Tloc           N/A          89%         2    ##.....
 Call Imp                 Summ           #.......     89%         2    ##.....
 Slow                     Hex            #.......     89%         2    ##.....
 Conjure Flame            Conj/Fire      #.......     92%         3    ###....
 Ozocubu's Armour         Chrm/Ice       #.......     98%         3    ###....
 Summon Ice Beast         Ice/Summ       #.......     100%        4    ####...
 Throw Icicle             Conj/Ice       #.......     100%        4    ####...
 Lightning Bolt           Conj/Air       ##........   100%        5    ######.


Dungeon Overview and Level Annotations

Branches:
Dungeon (4/15)
 Temple: D:4-7


Innate Abilities, Weirdness & Mutations

You have an increased reservoir of magic. (+10% MP)


Message History

Wield which item (- for none, * to show all)? (? for menu, Esc to quit)
Your +0 dagger of electrocution stops crackling.
You sense an unholy aura.
It sticks to your hand!
w - the cursed +1 whip of Eternal War (weapon)
{drain, MR++} Drop what? 23/52 slots (_ for help) (? for menu, Esc to quit)
You drop a +2 short sword of freezing.
You drop a +0 dagger of electrocution.
Found a stone staircase leading up.
There is a stone staircase leading up here.
Found a shiny large shield.
A crimson imp comes into view.
A crimson imp is nearby!
A crimson imp is nearby!
You see here a shiny large shield.
r - a shiny large shield Wear which item? (? for menu, Esc to quit)
You start putting on your armour.
You continue putting on your shiny large shield. x4
You finish putting on your +0 large shield of reflection.
Setting a skill training target for Shields at 25.0.
An orc priest comes into view. It is wielding a +0 club.
The orc priest shouts!
You hear a shout!
A quokka comes into view.
The orc priest moves out of view.
You hear a shout!
Found a stone staircase leading up.
A quokka is nearby!
A quokka is nearby!
A giant cockroach and an orc come into view.
The orc priest invokes the aid of Beogh against you.
Beogh smites you!
The orc moves out of view.
You hear a shout! 2 orc priests come into view.
An orc priest is wielding a +0 morningstar of crushing.
The quokka bites you.
You hit the orc priest. The quokka barely misses you.
The orc priest mumbles some strange prayers to Beogh against you.
Beogh smites you!
* * * LOW HITPOINT WARNING * * *
You block the orc priest's attack. You block the giant cockroach's attack.
The quokka bites you but does no damage.
The giant cockroach bites you but does no damage.
The orc priest looks satisfied for a moment.
The orc priest calls upon Beogh to heal the orc priest.
The orc priest's wounds heal themselves!
The orc priest casts a cantrip, but nothing happens.
You block the giant cockroach's attack.
The orc priest mumbles some strange prayers to Beogh against you.
Beogh smites you!
You die...

#....# #<#
####.##
#...###
#.#### ##
.......
......#
#....#5.
.######
......##
####.#.# #
.......#
#.#.# .# #
###.####
#.#.# ..#
### .# #.#5#
...#.. #
#.#.# #.#.#
#@#.# ##...#
###.# #s#.#
# #######
....# #.#
##.# ..#####
##### ###
#.#....#
#.#####
.....###o..#
..#####
#oo.ro.###
#######
#...<###
##...# #...#
#.#. ###.
...#..


You could see 2 orc priests, a crimson imp (wandering) and a giant cockroach.

Vanquished Creatures
  A scorpion (D:3)
  2 crimson imps (D:4)
  An orc wizard (D:4)
  A centaur skeleton (D:4)
  5 adders
  An ooze (D:1)
  2 worms (D:3)
  A dart slug (D:1)
  3 leopard geckos
  4 orcs
  9 bats
  A giant cockroach (D:2)
  2 goblins
  6 hobgoblins
  9 jackals
  3 kobolds
  2 quokkas
  2 ball pythons
  5 frilled lizards
  5 rats
65 creatures vanquished.

Notes
Turn   | Place    | Note
-------+----------+-------------------------------------------
     0 | D:1      | MalarOregon the Demigod Air Elementalist began the quest
                  | for the Orb.
     0 | D:1      | Reached XP level 1. HP: 14/14 MP: 5/5
    32 | D:1      | Reached skill level 1 in Conjurations
   332 | D:1      | Reached XP level 2. HP: 21/22 MP: 1/7
   939 | D:2      | Reached XP level 3. HP: 22/27 MP: 0/8
  1255 | D:2      | Reached skill level 3 in Air Magic
  1396 | D:2      | Reached skill level 1 in Fighting
  1396 | D:2      | Reached skill level 1 in Armour
  2024 | D:3      | Learned a level 3 spell: Mephitic Cloud
  2039 | D:3      | Noticed a scorpion
  2064 | D:3      | Killed a scorpion
  2064 | D:3      | Reached XP level 4. HP: 35/35 MP: 0/10
  2356 | D:3      | You fall through a shaft!
  2909 | D:4      | Noticed a sky beast
  3425 | D:4      | Reached XP level 5. HP: 8/41 MP: 2/11
  3679 | D:4      | Learned a level 4 spell: Airstrike
  4101 | D:4      | Found a shimmering altar of Xom.
  4248 | D:4      | Got a dazzling whip
  4290 | D:4      | Identified the cursed +1 whip of Eternal War {drain, MR++}
                  | (You found it on level 4 of the Dungeon)
  4335 | D:4      | Killed from afar by an orc priest

Skill      XL: |  1  2  3  4  5 |
---------------+----------------+-----
Conjurations   | 1 2 |  2.2
Dodging        | 2 |  2.7
Spellcasting   | 2 |  2.6
Air Magic      | 3 |  3.4
Fighting       | 1 2 |  2.0
Armour         | 1 2 |  2.1
Stealth        | |  1.7
Poison Magic   | |  0.6

Action                   |  1- 3 |  4- 6 || total
-------------------------+-------+-------++-------
Melee: Unarmed           |    13 |     2 ||    15
       Short sword       |       |     8 ||     8
       Dagger            |       |    30 ||    30
       Whip              |       |     1 ||     1
 Cast: Shock             |    86 |    63 ||   149
       Mephitic Cloud    |     1 |       ||     1
  Eat: Chunk             |     4 |     4 ||     8
       Ration            |       |     1 ||     1
Armor: Robe              |     5 |     7 ||    12
Dodge: Dodged            |    25 |    41 ||    66
Block: Large shield      |       |     3 ||     3
